 Dungeon Crawl Stone Soup version 0.27.1 (webtiles) character file.

Game seed: 9008792345527206793

27 RatsInWalls the Skirmisher (level 3, 0/40 HPs)
             Began as an Ogre Monk on Aug 31, 2021.
             Slain by a worm (8 damage)
             ... on level 2 of the Dungeon.
             The game lasted 00:02:07 (1628 turns).

RatsInWalls the Skirmisher (Ogre Monk)              Turns: 1628, Time: 00:02:08

Health: 0/40       AC:  3    Str: 16    XL:     3   Next: 10%
Magic:  3/3        EV: 10    Int: 11    God:
Gold:   39         SH:  0    Dex: 11    Spells: 2/2 levels left

rFire    . . .     SeeInvis .   a - +0 mace
rCold    . . .     Faith    .   (no shield)
rNeg     . . .     Spirit   .   b - +0 robe
rPois    .         Reflect  .   (helmet restricted)
rElec    .         Harm     .   (no cloak)
rCorr    .         Rampage  .   (gloves unavailable)
Will     .....                  (boots unavailable)
Stlth    ++........             (no amulet)
HPRegen  0.13/turn              (no ring)
MPRegen  0.08/turn              (no ring)

@: no status effects
A: large, unfitting armour, tough skin 1
a: no special abilities


You were on level 2 of the Dungeon.
You visited 1 branch of the dungeon, and saw 2 of its levels.

You collected 39 gold pieces.

Inventory:

Hand Weapons
 a - a +0 mace (weapon)
Armour
 b - a +0 robe (worn)
Scrolls
 c - 2 scrolls of teleportation {unknown}
 d - a scroll of noise {unknown}
 f - a scroll of identify {unknown}


   Skills:
 + Level 4.4 Fighting
 + Level 3.3 Maces & Flails
 - Level 2.8 Dodging
 + Level 1.4 Stealth


You had 2 spell levels left.
You didn't know any spells.
Your spell library was empty.

Dungeon Overview and Level Annotations

Branches:
Dungeon (2/15)

Altars:


Innate Abilities, Weirdness & Mutations

You are too large for most types of armour.
You have tough skin. (AC +1)


Message History

The worm is moderately wounded.
The worm bites you.
You hit the worm.
The worm is moderately wounded.
The worm bites you.
You hit the worm.
The worm is heavily wounded.
You barely miss the worm.
The worm is heavily wounded.
The worm barely misses you.
You hit the worm.
The worm is heavily wounded.
The worm closely misses you.
You hit the worm but do no damage.
The worm is moderately wounded.
The worm bites you!
You sock the worm!
The worm is severely wounded.
The worm bites you.
You hit the worm but do no damage.
The worm is severely wounded.
You hit the worm but do no damage.
The worm is severely wounded.
The worm bites you.
You hit the worm.
The worm is severely wounded.
The worm bites you but does no damage.
You hit the worm but do no damage.
The worm is severely wounded.
You hit the worm.
The worm is almost dead.
The worm bites you!
* * * LOW HITPOINT WARNING * * *
Throw: throwing net
Press: ? - help, Q - select action Shift-Dir - straight line, f - worm
Aim: a worm (almost dead, 77% to hit)
You throw a throwing net.
The throwing net barely misses the worm.
The worm bites you!
You die...

#### #.. # #.# ###.
##########.# ...
#..........##.#
#####+####........###
....................#
#.............##.#
+.......@.......>#####
#......w...##..)....?#
#..........##........#
#..........##........#
#...(...#####........#
#######.....+........#
....###........#
.......+........#
...###........#


You could see a worm.

Vanquished Creatures
  2 endoplasms (D:1)
  3 giant cockroaches (D:1)
  3 goblins
  7 jackals (D:1)
  A quokka (D:1)
  A ball python (D:1)
  3 frilled lizards (D:1)
  3 rats (D:1)
23 creatures vanquished.

Notes
Turn   | Place    | Note
-------+----------+-------------------------------------------
     0 | D:1      | RatsInWalls the Ogre Monk began the quest for the Orb.
     0 | D:1      | Reached XP level 1. HP: 24/24 MP: 1/1
     1 | D:1      | Noticed an electric eel
   196 | D:1      | Reached XP level 2. HP: 20/32 MP: 2/2
   779 | D:1      | Found a faded altar of an unknown god.
  1045 | D:1      | Reached XP level 3. HP: 38/40 MP: 3/3
  1628 | D:2      | Slain by a worm

Illustrated notes

Levels and vault maps discovered:
D:1:      arrival_aquarium_a, layout_basic,
          hellmonk_ecumenical_altar_leap_of_faith, serial_park_tiny_1,
          minmay_worlds_worst_comb
D:2:      layout_basic, kennysheep_generic_room_4, uniq_terence

Skill      XL: |  1  2 |
---------------+-------+-----
Maces & Flails | 3 |  3.3
Fighting       | |  4.4
Dodging        | |  2.8
Stealth        | |  1.4

Action                   || total
-------------------------++-------
Melee: Mace              ||   103
Throw: Throwing net      ||     1
 Stab: Sleeping          ||     1
Armor: Robe              ||    29
Dodge: Dodged            ||    53
